 Dungeon Crawl Stone Soup version 0.24-a0-29-g43a6aff (webtiles) character file.

Game seed: 1456320584379779020

110000 Lavandula the Destroyer (level 16, -17/108 HPs)
             Began as a Halfling Arcane Marksman on Jan 30, 2019.
             Was an Elder of Vehumet.
             Shot with an arrow by Vashnia (27 damage)
             ... on level 3 of the Snake Pit on Feb 2, 2019.
             The game lasted 02:26:12 (17133 turns).

Lavandula the Destroyer (Halfling Arcane Marksman) Turns: 17133, Time: 02:26:13

Health: -17/108    AC: 10    Str: 17    XL:     16   Next: 68%
Magic:  9/37       EV: 29    Int: 18    God:    Vehumet [****..]
Gold:   700        SH:  8    Dex: 26    Spells: 3/30 levels left

rFire    . . .     SeeInvis .   l - +5 hunting sling (flame)
rCold    + . .     Gourm    .   q - +0 buckler
rNeg     + . .     Faith    .   Z - +0 troll leather armour
rPois    +         Spirit   .   V - +3 hat of Pondering {ponderous, MR+ MP+10 Int+5}
rElec    +         Reflect  .   C - +0 cloak "Eracicos" {rC+ Dex+4}
rCorr    .         Harm     .   P - +0 pair of gloves
MR       ++...                  K - +0 pair of boots
Stlth    +++++.....             h - amulet of regeneration
HPRegen  0.00/turn              E - ring of poison resistance
MPRegen  0.25/turn              Q - ring "Saohoerph" {Wiz +Inv rElec rN+ Str+3}

@: agile, about to teleport, very slightly contaminated, slow
A: small, mutation resistance 1, inhibited regeneration
}: 1/15 runes: decaying
a: Renounce Religion, Evoke Invisibility


You were on level 3 of the Snake Pit.
You worshipped Vehumet.
Vehumet was greatly pleased with you.
You were not hungry.

You visited 6 branches of the dungeon, and saw 29 of its levels.
You also visited: Gauntlet and Ice Cave.

You collected 2094 gold pieces.
You spent 1394 gold pieces at shops.

Inventory:

Hand Weapons
 l - a +5 hunting sling of flaming (weapon)
 v - a +0 double sword
 Y - a +2 scimitar of draining
Missiles
 s - 172 stones (quivered)
 A - a throwing net
 T - 14 sling bullets
Armour
 e - +0 fire dragon scales
 k - a +4 ring mail of fire resistance
 q - a +0 buckler (worn)
 z - the +2 helmet "Caur" {Str+3 Int-2 Slay+2}
   (You bought it in a shop on level 6 of the Dungeon)

   It affects your strength (+3).
   It affects your intelligence (-2).
   It affects your accuracy and damage with ranged weapons and melee attacks
   (+2).
 C - the +0 cloak "Eracicos" (worn) {rC+ Dex+4}
   (You found it in an ice cave)

   It affects your dexterity (+4).
   It protects you from cold.
 K - a +0 pair of boots (worn)
 P - a +0 pair of gloves (worn)
 V - the +3 hat of Pondering (worn) {ponderous, MR+ MP+10 Int+5}
   (You took it off Gastronok on level 2 of the Lair of Beasts)

   It affects your intelligence (+5).
   It affects your resistance to hostile enchantments.
   It affects your magic capacity (+10).
 Z - a +0 troll leather armour (worn)
Jewellery
 h - an amulet of regeneration (around neck)
 E - a ring of poison resistance (left hand)
 Q - the ring "Saohoerph" (right hand) {Wiz +Inv rElec rN+ Str+3}
   (You found it in a Gauntlet)

   [ring of wizardry]

   It improves your spell success rate.
   It affects your strength (+3).
   It insulates you from electricity.
   It protects you from negative energy.
   It lets you turn invisible.
 S - the ring of the Salmon {+Inv +Fly rF- rN+++ Stlth+}
   (You found it on level 3 of the Snake Pit)

   [ring of stealth]

   It makes you vulnerable to fire.
   It renders you almost immune to negative energy.
   It lets you turn invisible.
   It lets you fly.
   It makes you more stealthy.
 U - an uncursed ring of ice
Wands
 d - a wand of flame (18)
 i - a wand of paralysis (8)
 B - a wand of enslavement (2)
 F - a wand of digging (5)
 L - a wand of iceblast (6)
 O - a wand of disintegration (17)
Scrolls
 a - 2 scrolls of silence
 b - 2 scrolls of amnesia
 p - 8 scrolls of teleportation
 u - a scroll of immolation
 y - a scroll of holy word
 G - a scroll of fog
 H - 2 scrolls of remove curse
 R - a scroll of fear
 W - a scroll of magic mapping
 X - 3 scrolls of blinking
Potions
 g - a potion of magic
 j - 4 potions of lignification
 n - a potion of curing
 o - 3 potions of brilliance {unknown}
 t - 2 potions of berserk rage {unknown}
 w - 3 potions of haste
 x - a potion of invisibility
 D - 3 potions of might
 J - 2 potions of degeneration {unknown}
 M - a potion of ambrosia {unknown}
 N - 4 potions of cancellation {unknown}
Miscellaneous
 c - a lamp of fire (inert)
 m - 2 phantom mirrors
 I - a lightning rod (2/4)
Comestibles
 f - 19 rations


   Skills:
 - Level 9.0 Fighting
 - Level 12.2 Slings
 - Level 9.2 Dodging
 - Level 5.6 Stealth
 - Level 6.8 Shields
 - Level 7.5 Spellcasting
 + Level 13.5 Conjurations
 - Level 2.4 Hexes
 - Level 10.0 Summonings
 - Level 2.9 Translocations
 - Level 3.9 Earth Magic
   Level 4.0 Poison Magic


You had 3 spell levels left.
You knew the following spells:

 Your Spells              Type           Power        Failure   Level  Hunger
a - Corona                Hex            ###....      1%          1    None
b - Iron Shot             Conj/Erth      #####.....   6%          6    ######.
c - Sticky Flame          Conj/Fire      ####....     1%          4    ###....
d - Spellforged Servitor  Conj/Summ      #####.....   10%         7    #######
e - Irradiate             Conj/Tmut      ####......   2%          5    #####..
f - Blink                 Tloc           N/A          2%          2    None
g - Shroud of Golubria    Chrm/Tloc      ##........   4%          2    None

Your spell library contained the following spells:

 Spells                   Type           Power        Failure   Level  Hunger
 Bolt of Fire             Conj/Fire      ####......   13%         6    ######.
 Slow                     Hex            ###.....     2%          2    None
 Inner Flame              Hex/Fire       ##......     3%          3    #......
 Gell's Gravitas          Tloc           ###.......   4%          3    #......
 Lesser Beckoning         Tloc           ###.......   4%          3    #......
 Teleport Other           Tloc           ###.....     4%          3    #......
 Infusion                 Chrm           #...         5%          1    None
 Portal Projectile        Hex/Tloc       ###...       5%          3    #......
 Spectral Weapon          Hex/Chrm       ##......     10%         3    #......
 Ozocubu's Armour         Chrm/Ice       #.......     16%         3    #......
 Venom Bolt               Conj/Pois      #####.....   1%          5    #####..
 Iskenderun's Battlesphe  Conj/Chrm      ####....     2%          5    #####..
 Bolt of Magma            Conj/Fire/Erth ####......   4%          5    #####..
 Orb of Destruction       Conj           ######....   4%          7    #######
 Leda's Liquefaction      Hex/Erth       ###.......   14%         4    ###....
 Passage of Golubria      Tloc           N/A          16%         4    ###....
 Cause Fear               Hex            ###.......   19%         4    ###....
 Statue Form              Tmut/Erth      ##.......    96%         6    ######.
 Hydra Form               Tmut           #.........   99%         6    ######.
 Dragon Form              Tmut           #.........   100%        7    #######


Dungeon Overview and Level Annotations

Branches:
Dungeon (13/15)            Temple (1/1) D:6            Lair (6/6) D:11
  Swamp (4/4) Lair:2        Snake (3/4) Lair:2          Orc (2/2) D:10
    Elf (0/3) Orc:2
  Slime: Lair:5-6    Vaults: D:13-14

Altars:
Cheibriados
Elyvilon
Fedhas
Gozag
Hepliaklqana
Nemelex Xobeh
Qazlal
Ru
Vehumet
Xom
Yredelemnul
Zin
Beogh

Shops:
D:6 [   D:9 *   Orc:1 }   Orc:2 =*[(

Annotations:
D:11 suvakkihuora's ghost, novice FoFi
Snake:3 Vashnia


Innate Abilities, Weirdness & Mutations

You are small and have problems with some larger weapons.
You are somewhat resistant to further mutation.
You do not regenerate when monsters are visible.


Message History

A naga sharpshooter comes into view. It is wielding a +0 dire flail.
Unknown command.
Evoke which item? (* to show all) (? for menu, Esc to quit)
Aiming: Dig
Press: ? - help, Shift-Dir - straight line, p - Vashnia A rock wall.
The rock shatters into small pieces.
Vashnia burns!
Vashnia casts a spell.
Vashnia magically shoots an arrow.
The arrow hits you.
* * * LOW HITPOINT WARNING * * *
A naga sharpshooter comes into view. It is wielding a +0 glaive.
Unknown command.
The naga sharpshooter moves out of view.
Unknown command.
Okay, then.
As you read the scroll of teleportation, it crumbles to dust.
You feel strangely unstable.
Vashnia burns!
Vashnia stops burning.
Vashnia mumbles some strange words.
Vashnia magically shoots an arrow.
The arrow hits you!!
You die...

#
##.........#...)####...N..
##.....######()# .....
##...## #N)# #..# ##.##
##.)# ## ##.# #§N.## .#
##NN(.# #. ##(###...# #.
#N## ##..# ####@# ##.#
##.# # ##


You could see Vashnia.

Vanquished Creatures
  2 thorn hunters
  An orc warlord (Orc:1)
  A stone giant (Orc:2)
  A minotaur (Gauntlet)
  Snorg (D:13)
  Fannar (D:10)
  2 naga warriors
  12 hydras
  Erolcha (D:13)
  3 alligators (Swamp:3)
  8 two-headed ogres
  2 centaur warriors (D:13)
  An anaconda (Snake:1)
  An ogre mage (Orc:1)
  5 orc high priests
  2 sea snakes (Snake:3)
  2 spriggan druids (Swamp:3)
  A fire crab (Gauntlet)
  2 unseen horrors (D:13)
  4 swamp dragons
  Pikel (D:7)
  A deep elf mage (D:13)
  3 orc knights
  A necromancer (IceCv)
  A mana viper (Snake:1)
  An ugly thing (D:12)
  4 orc sorcerers
  4 cyclopes
  A shining eye (shapeshifter) (Gauntlet)
  A salamander (Snake:3)
  A moth of wrath (shapeshifter) (Gauntlet)
  A worldbinder (Gauntlet)
  2 centaur zombies
  A manticore (D:11)
  4 ice statues (IceCv)
  6 black mambas
  A naga mage (Snake:1)
  A molten gargoyle (Lair:6)
  9 spiny frogs
  A gargoyle (D:13)
  4 komodo dragons
  2 ice devils (IceCv)
  3 rime drakes
  2 tyrant leeches (Swamp:3)
  3 hornets
  6 trolls
  7 blink frogs
  2 slime creatures
  8 hippogriffs
  4 bog bodies
  A vampire (D:10)
  4 shadows
  A spriggan (Swamp:4)
  5 wyverns
  A fire elemental (Lair:4)
  2 basilisks
  2 fire bats (Gauntlet)
  27 yaks
  2 vampire mosquitoes (Swamp:2)
  2 steam dragons
  3 swamp worms
  2 wargs
  7 insubstantial wisps
  3 water moccasins
  A hell hound (Lair:6)
  2 soldier ants
  6 nagas
  27 orc warriors
  3 porcupines
  2 swamp drakes (Swamp:4)
  A swamp drake (shapeshifter) (Gauntlet)
  9 ice beasts (D:13)
  3 sky beasts
  A slave (D:7)
  2 phantoms (D:5)
  3 boggarts (Gauntlet)
  A centaur (D:13)
  11 ogres
  A necrophage (D:10)
  6 wolves (Lair:2)
  5 crocodiles
  8 bullfrogs
  A wyvern zombie (D:10)
  A wyvern skeleton (D:13)
  2 scorpions
  A water moccasin skeleton (D:4)
  8 killer bees (D:10)
  13 wights
  An electric eel (D:7)
  A howler monkey (D:9)
  3 crimson imps
  2 jellies
  A quasit (D:6)
  2 draconian simulacra (IceCv)
  2 bullfrog zombies
  4 hounds
  21 orc priests
  4 centaur skeletons
  33 orc wizards
  Ijyb (D:5)
  5 iguanas
  12 worker ants
  3 troll simulacra (IceCv)
  A killer bee zombie (D:10)
  A hound zombie (D:7)
  12 adders
  14 gnolls
  A naga simulacrum (IceCv)
  A shadow imp (D:10)
  2 oozes
  An adder skeleton (D:5)
  3 worms
  A dart slug (D:1)
  3 leopard geckos
  79 orcs
  4 giant cockroaches
  4 goblins
  A hobgoblin (D:3)
  17 jackals
  4 kobolds
  4 quokkas
  4 bats
  3 frilled lizards
  A jackal skeleton (D:5)
  A jackal zombie (D:5)
  2 quokka skeletons
  5 rats
  A butterfly (Lair:2)
584 creatures vanquished.

Vanquished Creatures (collateral kills)
  Gastronok (Lair:2)
  A fire dragon (Lair:6)
  3 naga warriors (Snake:3)
  5 hydras
  A ghost crab (Swamp:2)
  3 alligators
  A naga sharpshooter (Snake:3)
  4 sea snakes
  A spriggan druid (Swamp:3)
  5 swamp dragons
  A lindwurm (Lair:6)
  A mana viper (Snake:3)
  2 salamanders (Snake:3)
  2 black mambas
  A guardian serpent (Snake:3)
  A naga mage (Snake:3)
  2 molten gargoyles (Lair:6)
  2 spiny frogs
  2 komodo dragons (Lair:6)
  2 tyrant leeches (Swamp:3)
  A hornet (Swamp:3)
  6 bog bodies
  9 blink frogs
  5 slime creatures
  3 spriggans (Swamp:3)
  3 basilisks (Lair:6)
  2 vampire mosquitoes (Swamp:2)
  4 insubstantial wisps
  3 nagas
  11 swamp worms
  A water moccasin (Lair:4)
  3 hell hounds (Lair:6)
  A porcupine (Lair:2)
  7 swamp drakes
  2 wolves (Lair:2)
  2 electric eels
  5 lava snakes (Lair:6)
  A plant (Lair:4)
110 creatures vanquished.

Vanquished Creatures (others)
  A slave (D:7)
  A big kobold (D:7)
  A bullfrog (D:7)
  A jelly (D:7)
  An adder (D:6)
  A kobold (D:7)
  4 fungi
  9 plants
19 creatures vanquished.

Grand Total: 713 creatures vanquished

Notes
Turn   | Place    | Note
-------+----------+-------------------------------------------
     0 | D:1      | Lavandula the Halfling Arcane Marksman began the quest for
                  | the Orb.
     0 | D:1      | Reached XP level 1. HP: 12/12 MP: 2/2
    96 | D:1      | Reached XP level 2. HP: 10/18 MP: 3/3
   300 | D:1      | Reached XP level 3. HP: 22/22 MP: 4/4
   352 | D:1      | Reached skill level 5 in Slings
   523 | D:2      | Reached XP level 4. HP: 27/27 MP: 5/5
   864 | D:3      | Reached XP level 5. HP: 32/32 MP: 6/6
  1289 | D:4      | Found a shimmering altar of Xom.
  1308 | D:4      | Reached XP level 6. HP: 37/37 MP: 7/7
  1601 | D:4      | Noticed an ogre
  1653 | D:4      | Killed an ogre
  1653 | D:4      | Reached skill level 10 in Slings
  1653 | D:4      | Reached XP level 7. HP: 41/42 MP: 8/8
  1690 | D:5      | Entered Level 5 of the Dungeon
  2211 | D:5      | Reached XP level 8. HP: 44/47 MP: 9/9
  2528 | D:6      | Found Wamel's Antique Armour Shoppe.
  2772 | D:6      | Reached skill level 5 in Dodging
  2834 | D:7      | Noticed Pikel
  2891 | D:7      | Paralysed by Pikel for 5 turns
  2903 | D:7      | Paralysed by Pikel for 5 turns
  2921 | D:7      | Killed Pikel
  2921 | D:7      | Reached XP level 9. HP: 14/52 MP: 10/10
  2925 | D:7      | Reached skill level 1 in Fighting
  3467 | D:6      | Bought a warped helmet for 247 gold pieces
  3472 | D:6      | Identified the +2 helmet "Caur" {Str+3 Int-2 Slay+2} (You
                  | bought it in a shop on level 6 of the Dungeon)
  4354 | D:6      | Reached skill level 5 in Fighting
  4704 | D:4      | Noticed Ijyb
  4713 | D:5      | Killed Ijyb
  4930 | D:6      | Reached XP level 10. HP: 68/68 MP: 11/11
  5015 | D:6      | Found a staircase to the Ecumenical Temple.
  5027 | Temple   | Entered the Ecumenical Temple
  5041 | Temple   | Became a worshipper of Vehumet
  5267 | D:9      | Found Lefity's Assorted Antiques.
  5288 | D:9      | Bought a scroll labeled YNAUVOR KIMARHO for 22 gold pieces
  5288 | D:9      | Bought a grey potion for 19 gold pieces
  5288 | D:9      | Bought a long glass wand for 88 gold pieces
  5374 | D:10     | Entered Level 10 of the Dungeon
  5749 | D:9      | Got a translucent trident
  5781 | D:9      | Reached * piety under Vehumet
  5781 | D:9      | Offered knowledge of Freeze by Vehumet.
  5922 | D:10     | Noticed Fannar
  5943 | D:9      | Learned a level 5 spell: Venom Bolt
  6098 | D:9      | You fall through a shaft for 3 floors!
  6098 | D:12     | Noticed a cyclops
  6106 | D:12     | Killed a cyclops
  6161 | D:12     | Noticed a cyclops
  6166 | D:12     | Killed a cyclops
  6166 | D:12     | Reached skill level 5 in Shields
  6198 | D:13     | Noticed a centaur warrior
  6213 | D:13     | Killed a centaur warrior
  6213 | D:13     | Reached XP level 11. HP: 42/78 MP: 14/14
  6224 | D:13     | Noticed Erolcha
  6281 | D:13     | Noticed Snorg
  6281 | D:13     | Noticed a purple ugly thing
  6308 | D:12     | Killed a purple ugly thing
  6538 | D:13     | Killed Erolcha
  6561 | D:13     | Noticed a deep elf mage
  6569 | D:13     | Killed a deep elf mage
  6619 | D:13     | Reached skill level 5 in Stealth
  6620 | D:13     | Noticed a centaur warrior
  6626 | D:13     | Noticed an eight-headed hydra
  6632 | D:13     | Found a frozen archway.
  6642 | IceCv    | Entered an ice cave
  6774 | IceCv    | Reached skill level 1 in Conjurations
  6806 | IceCv    | Reached skill level 2 in Conjurations
  6934 | IceCv    | Offered knowledge of Throw Frost by Vehumet.
  7203 | IceCv    | Reached skill level 3 in Conjurations
  7567 | IceCv    | Noticed a necromancer
  7572 | IceCv    | Killed a necromancer
  7572 | IceCv    | Reached skill level 4 in Conjurations
  7572 | IceCv    | Reached XP level 12. HP: 43/85 MP: 15/15
  7582 | IceCv    | Got a crude scale mail
  7593 | IceCv    | Identified the +4 scale mail of Fedhas's Pride {Str+3} (You
                  | found it in an ice cave)
  7604 | IceCv    | Got a polished cloak
  7615 | IceCv    | Identified the +0 cloak "Eracicos" {rC+ Dex+4} (You found
                  | it in an ice cave)
  7654 | IceCv    | Reached ** piety under Vehumet
  7736 | D:13     | Killed a centaur warrior
  7736 | D:13     | Reached skill level 5 in Conjurations
  7739 | D:13     | Killed Snorg
  7739 | D:13     | Reached skill level 6 in Conjurations
  7802 | D:13     | Killed an eight-headed hydra
  7802 | D:13     | Reached skill level 7 in Conjurations
  7928 | D:13     | Killed an unseen horror
  7941 | D:13     | Reached skill level 1 in Poison Magic
  7961 | D:13     | Offered knowledge of Throw Flame by Vehumet.
  8054 | D:13     | Noticed an unseen horror
  8055 | D:13     | Killed an unseen horror
  8211 | D:11     | Noticed a minotaur
  8226 | D:11     | Reached *** piety under Vehumet
  8254 | D:11     | Noticed suvakkihuora's ghost (novice FoFi)
  8316 | D:11     | Found a runed translucent gate.
  8316 | D:11     | Found a runed translucent gate.
  8316 | D:11     | Found a runed translucent gate.
  8427 | D:10     | Killed Fannar
  8427 | D:10     | Reached XP level 13. HP: 64/90 MP: 17/19
  8509 | D:10     | Found a staircase to the Orcish Mines.
  8534 | D:10     | Offered knowledge of Sticky Flame by Vehumet.
  8550 | D:10     | Learned a level 4 spell: Sticky Flame
  8572 | D:10     | Reached skill level 5 in Spellcasting
  8731 | D:10     | Reached **** piety under Vehumet
  8762 | D:10     | Offered knowledge of Throw Icicle by Vehumet.
  8899 | Orc:1    | Entered Level 1 of the Orcish Mines
  8906 | Orc:1    | Reached skill level 8 in Conjurations
  9071 | D:10     | Reached skill level 9 in Conjurations
  9247 | Orc:1    | Found Jauc's Gadget Shop.
  9444 | Orc:2    | Entered Level 2 of the Orcish Mines
  9528 | Orc:2    | Reached ***** piety under Vehumet
  9538 | Orc:2    | Offered knowledge of Yara's Violent Unravelling by Vehumet.
 10020 | Orc:2    | Reached skill level 10 in Conjurations
 10020 | Orc:2    | Reached XP level 14. HP: 84/97 MP: 2/24
 10029 | Orc:2    | Learned a level 7 spell: Spellforged Servitor
 10263 | Orc:2    | Noticed an orc warlord
 10284 | Orc:1    | Killed an orc warlord
 10543 | Orc:1    | Found a roughly hewn altar of Beogh.
 10841 | Orc:2    | Reached skill level 1 in Summonings
 10993 | Orc:2    | Found Zeutzaeb's Antique Armour Shoppe.
 10994 | Orc:2    | Found Xopinem's Antique Weapon Shoppe.
 11000 | Orc:2    | Found Welathross's General Store.
 11000 | Orc:2    | Found Ujaomiocs's Jewellery Emporium.
 11009 | Orc:2    | Bought a cursed amulet of inaccuracy for 26 gold pieces
 11012 | Orc:2    | Bought a scroll of noise for 15 gold pieces
 11012 | Orc:2    | Bought a potion of might for 60 gold pieces
 11032 | Orc:2    | Bought a scroll of holy word for 112 gold pieces
 11032 | Orc:2    | Bought a wand of iceblast (7) for 165 gold pieces
 11150 | Orc:2    | Noticed a stone giant
 11226 | Orc:2    | Killed a stone giant
 11452 | Orc:1    | Found a roughly hewn altar of Beogh.
 11540 | Orc:2    | Found a staircase to the Elven Halls.
 11619 | Orc:1    | Bought a lamp of fire for 640 gold pieces
 11807 | D:11     | Found a staircase to the Lair.
 11822 | Lair:1   | Entered Level 1 of the Lair of Beasts
 11822 | Lair:1   | Found a gate leading to a gauntlet.
 11831 | Gauntlet | Entered a Gauntlet
 11831 | Gauntlet | Found a transporter.
 11831 | Gauntlet | Found a transporter.
 11837 | Gauntlet | Found a transporter.
 11839 | Gauntlet | Found a transporter.
 11841 | Gauntlet | Found a transporter.
 11850 | Gauntlet | Found a transporter.
 11856 | Gauntlet | Found a transporter.
 11860 | Gauntlet | Found a transporter.
 11861 | Gauntlet | Found a transporter.
 11879 | Gauntlet | Found a transporter.
 11958 | Gauntlet | Got a warped iron ring
 11959 | Gauntlet | Identified the ring "Saohoerph" {Wiz +Inv rElec rN+ Str+3}
                  | (You found it in a Gauntlet)
 11976 | Gauntlet | Learned a level 7 spell: Orb of Destruction
 12078 | Gauntlet | Found a transporter.
 12100 | Gauntlet | Reached skill level 5 in Summonings
 12127 | Gauntlet | Identified the amulet of the Duchess {Spirit Dex+3}
 12238 | Gauntlet | Noticed a minotaur
 12270 | Gauntlet | Killed a minotaur
 12314 | Gauntlet | Identified the Guide on Aid
 12702 | Lair:3   | You fall through a shaft!
 12782 | Lair:6   | Entered Level 6 of the Lair of Beasts
 12787 | Lair:6   | Offered knowledge of Iskenderun's Mystic Blast by Vehumet.
 12855 | Lair:6   | Upgraded the game from 0.24-a0-7-g1bb0902 to
                  | 0.24-a0-10-gb84795d
 12998 | Lair:6   | Reached XP level 15. HP: 87/101 MP: 15/26
 13380 | Lair:6   | Gained mutation: You do not regenerate when monsters are
                  | visible. [mutagenic glow]
 13750 | Lair:6   | Found a large runed translucent door.
 13751 | Lair:6   | Found a large runed translucent door.
 14105 | Lair:3   | Found a blossoming altar of Fedhas.
 14144 | Lair:4   | Reached skill level 11 in Conjurations
 14331 | Lair:2   | Noticed Gastronok
 14363 | Lair:2   | Killed Gastronok
 14463 | Lair:2   | Found a staircase to the Swamp.
 14483 | Swamp:1  | Entered Level 1 of the Swamp
 14504 | Swamp:1  | Upgraded the game from 0.24-a0-10-gb84795d to
                  | 0.24-a0-29-g43a6aff
 14850 | Swamp:3  | Offered knowledge of Bolt of Fire by Vehumet.
 14862 | Swamp:3  | Learned a level 2 spell: Blink
 14865 | Swamp:3  | Learned a level 2 spell: Shroud of Golubria
 14884 | Swamp:3  | Reached skill level 1 in Translocations
 15007 | Swamp:3  | Learned a level 6 spell: Iron Shot
 15013 | Swamp:3  | Learned a level 5 spell: Irradiate
 15022 | Swamp:4  | Entered Level 4 of the Swamp
 15043 | Swamp:4  | Reached skill level 1 in Earth Magic
 15647 | Swamp:3  | Reached XP level 16. HP: 95/108 MP: 17/27
 15790 | Swamp:3  | Reached skill level 10 in Summonings
 15843 | Swamp:3  | Noticed a thorn hunter
 15852 | Swamp:3  | Killed a thorn hunter
 15863 | Swamp:3  | Reached skill level 12 in Conjurations
 15946 | Swamp:4  | Noticed a thorn hunter
 16106 | Swamp:4  | HP: 5/108 [thorn hunter (12)]
 16107 | Swamp:4  | Killed a thorn hunter
 16347 | Swamp:4  | Got a decaying rune of Zot
 16613 | Lair:2   | Found a staircase to the Snake Pit.
 16658 | Snake:1  | Entered Level 1 of the Snake Pit
 16866 | Snake:2  | Found a sparkling altar of Nemelex Xobeh.
 16926 | Snake:3  | Got a wavering silver ring
 16928 | Snake:3  | Identified the ring of the Salmon {+Inv +Fly rF- rN+++
                  | Stlth+} (You found it on level 3 of the Snake Pit)
 16996 | Snake:3  | Reached skill level 13 in Conjurations
 17105 | Snake:3  | HP: 1/108 [sea snake (20)]
 17116 | Snake:3  | Noticed Vashnia
 17133 | Snake:3  | Shot with an arrow by Vashnia

Vault maps used:
D:1:      sevenhm_arrival_forest_fort_large_2
D:2:      first_ration, uniq_jessica
D:4:      nicolae_overflow_crystal_walls, gammafunk_ghost_smash, uniq_ijyb
D:6:      minmay_temple_entry_fiery, serial_shops, nicolae_shop_statue_plus
D:7:      cheibrodos_helix_gallery, uniq_pikel
D:9:      serial_shops, nicolae_shop_trees, lightli_fourway_metalbox
D:10:     david_orc_3, hangedman_pestilent_swarm, uniq_fannar
D:11:     lair_entry_dummy, maelrawn_ghost_gauntlet_escape
D:12:     basic_altar
D:13:     regret_index_combs_of_tragedy, david_vaults_4,
          portal_ice_cave_entry_ice_beasts, uniq_erolcha, uniq_snorg
Temple:   nicolae_temple_the_god_donut
Lair:1:   beast_lair_carwin_large_2, gammafunk_ghost_cemetery,
          gauntlet_entry_generic, uniq_harold
Lair:2:   nicolae_swamp_entry_splash_gauntlet, guppyfry_snake_entry_garden,
          grunt_megastairs_1, lemuel_fruit_fields, infiniplex_staircase_pool_2,
          uniq_sonja, uniq_gastronok
Lair:3:   tgw_fedhas
Lair:4:   st_stairs_13, nicolae_quartered_pool_super, minmay_stone_trees_small
Lair:5:   slime_dummy, lemuel_fruit_tree
Lair:6:   cheibrodos_lair_end_hotspot
Swamp:1:  evilmike_swamp_ruin_house_6, infiniplex_staircase_pool
Swamp:2:  nicolae_swamp_fairy_circle
Swamp:3:  evilmike_swamp_ruin_rubble_2, swamp_pool1, ldierk_geyser
Swamp:4:  swamp_alternative
Snake:1:  serial_curves, eino_curves_02, eino_curves_01, uniq_nikola
Snake:2:  basic_altar, minmay_shop_grove
Snake:3:  serial_bayou_shore_a, uniq_vashnia
Orc:1:    serial_shops, shop_statue, basic_altar, minmay_orc_temple_b
Orc:2:    st_orc_congregation
IceCv:    ice_cave_tombish
Gauntlet: gammafunk_gauntlet_shortcut

Skill      XL: |  1  2  3  4  5  6  7  8  9 10 11 12 13 14 15 16 |
---------------+-------------------------------------------------+-----
Slings         | 4 5 6 8 10 11 12 | 12.2
Dodging        | 8 9 |  9.2
Fighting       | 5 8 9 |  9.0
Spellcasting   | 2 4 6 7 |  7.5
Shields        | 6 |  6.8
Stealth        | 5 |  5.6
Conjurations   | 4 7 10 11 13 | 13.5
Poison Magic   | 4 |  4.0
Summonings     | 7 9 10 | 10.0
Translocations | 2 |  2.9
Earth Magic    | 3 |  3.9
Hexes          | |  2.4

Action                   |  1- 3 |  4- 6 |  7- 9 | 10-12 | 13-15 | 16-18 || total
-------------------------+-------+-------+-------+-------+-------+-------++-------
 Fire: Hunting sling     |   110 |   173 |   556 |   837 |  1167 |   217 ||  3060
 Cast: Corona            |     1 |     1 |       |     3 |     8 |       ||    13
       Venom Bolt        |       |       |       |       |    66 |       ||    66
       Sticky Flame      |       |       |       |       |    63 |    15 ||    78
       Spellforged Servi |       |       |       |       |    30 |    17 ||    47
       Irradiate         |       |       |       |       |     6 |    11 ||    17
       Iron Shot         |       |       |       |       |     5 |     4 ||     9
       Blink             |       |       |       |       |     2 |       ||     2
       Orb of Destructio |       |       |       |       |     2 |       ||     2
       Shroud of Golubri |       |       |       |       |       |     1 ||     1
Evoke: Wand              |       |       |       |     3 |    19 |     1 ||    23
       Lightning rod     |       |       |       |       |     7 |     2 ||     9
       Lamp of fire      |       |       |       |       |     2 |     1 ||     3
  Use: Scroll            |       |     1 |     8 |    15 |     8 |     3 ||    35
       Potion            |       |       |     2 |       |    13 |     6 ||    21
  Eat: Chunk             |       |     2 |     8 |     7 |    42 |    15 ||    74
       Ration            |       |       |       |     1 |    14 |     3 ||    18
Armor: Robe              |     9 |     1 |       |       |       |       ||    10
       Ring mail         |       |    11 |    47 |   102 |   158 |    35 ||   353
       Troll leather arm |       |       |       |       |       |     4 ||     4
Dodge: Dodged            |    53 |    46 |   109 |   220 |   628 |   134 ||  1190
Block: Buckler           |       |       |       |    54 |   276 |    52 ||   382

Table legend:
 A = Non-vault XP
 B = Vault XP
 C = Vault XP percentage of total XP
 D = Non-vault monster count
 E = Vault monster count
 F = Vault count percentage of total count
                 A         B        C        D         E       F
            +---------+---------+-------+---------+---------+-------
      Total |   88853 |   49719 |  35.9 |     496 |     196 |  28.3
            +---------+---------+-------+---------+---------+-------
        D:1 |      35 |       0 |   0.0 |      13 |       0 |   0.0
        D:2 |      62 |       0 |   0.0 |      19 |       0 |   0.0
        D:3 |     146 |       0 |   0.0 |      12 |       0 |   0.0
        D:4 |     328 |       0 |   0.0 |      13 |       0 |   0.0
        D:5 |     647 |      38 |   5.5 |      22 |       1 |   4.3
        D:6 |    1317 |       0 |   0.0 |      27 |       0 |   0.0
        D:7 |     613 |     663 |  52.0 |      13 |       1 |   7.1
        D:8 |     285 |       0 |   0.0 |      16 |       0 |   0.0
        D:9 |    1384 |     439 |  24.1 |      22 |       3 |  12.0
       D:10 |   10747 |    2482 |  18.8 |      56 |      14 |  20.0
       D:11 |    2316 |       0 |   0.0 |      13 |       0 |   0.0
       D:12 |    2995 |       0 |   0.0 |      14 |       0 |   0.0
       D:13 |    7603 |    4274 |  36.0 |      31 |      11 |  26.2
     Lair:1 |     654 |       0 |   0.0 |       3 |       0 |   0.0
     Lair:2 |    2399 |    2495 |  51.0 |      17 |       8 |  32.0
     Lair:3 |    2340 |       0 |   0.0 |      10 |       0 |   0.0
     Lair:4 |    2068 |       0 |   0.0 |       6 |       0 |   0.0
     Lair:5 |    1155 |       0 |   0.0 |       4 |       0 |   0.0
     Lair:6 |    9230 |    5506 |  37.4 |      37 |      26 |  41.3
    Swamp:1 |     886 |       0 |   0.0 |       3 |       0 |   0.0
    Swamp:2 |    3791 |       0 |   0.0 |      20 |       0 |   0.0
    Swamp:3 |    9335 |    6750 |  42.0 |      30 |      10 |  25.0
    Swamp:4 |    6658 |    7086 |  51.6 |      20 |      17 |  45.9
    Snake:1 |    4242 |       0 |   0.0 |       8 |       0 |   0.0
    Snake:2 |     579 |       0 |   0.0 |       3 |       0 |   0.0
    Snake:3 |    9450 |       0 |   0.0 |      22 |       0 |   0.0
      Orc:1 |    3234 |    3614 |  52.8 |      14 |      20 |  58.8
      Orc:2 |    4354 |    7925 |  64.5 |      28 |      58 |  67.4
      IceCv |       0 |    3323 | 100.0 |       0 |      13 | 100.0
   Gauntlet |       0 |    5124 | 100.0 |       0 |      14 | 100.0
            +---------+---------+-------+---------+---------+-------
